 Dungeon Crawl Stone Soup version 0.29.1-15-g9cfb28693d (webtiles) character file.

Game seed: 7730572532954837795

401 Artool the Trooper (level 6, -1/50 HPs)
             Began as a Demonspawn Fighter on Apr 6, 2023.
             Slain by a gnoll
             ... wielding a +0 spear
              (6 damage)
             ... on level 4 of the Dungeon.
             The game lasted 00:05:23 (2763 turns).

Artool the Trooper (Demonspawn Fighter)             Turns: 2763, Time: 00:05:24

Health: -1/50      AC: 11    Str: 18    XL:     6   Next: 54%
Magic:  6/6        EV:  9    Int:  9    God:
Gold:   189        SH:  4    Dex: 13    Spells: 5/5 levels left

rFire   . . .      SeeInvis .   y - +5 short sword (venom)
rCold   . . .      Faith    .   c - +0 buckler
rNeg    . . .      Spirit   .   b - +0 scale mail
rPois   .          Reflect  .   (no helmet)
rElec   .          Harm     .   q - +0 cloak
rCorr   .          Rampage  .   h - +0 pair of gloves
Will    .....                   (no boots)
Stlth   ..........              g - amulet of regeneration
HPRegen 0.96/turn               (no ring)
MPRegen 0.10/turn               (no ring)

@: no status effects
A: hooves 2, slimy green scales 1, powered by death 1
a: no special abilities


You were on level 4 of the Dungeon.
You visited 1 branch of the dungeon, and saw 4 of its levels.

You collected 189 gold pieces.

Inventory:

Hand Weapons
 a - a +0 flail
 k - a +3 whip
 y - a +5 short sword of venom (weapon)
 z - a +1 vorpal hand axe
Missiles
 x - 6 curare-tipped darts (quivered)
Armour
 b - a +0 scale mail (worn)
 c - a +0 buckler (worn)
 h - a +0 pair of gloves (worn)
 q - a +0 cloak (worn)
Jewellery
 g - an amulet of regeneration (around neck)
 s - an amulet of faith
 C - a ring of flight
Wands
 r - a wand of acid (10)
Scrolls
 f - a scroll of enchant weapon {unknown}
 i - a scroll of teleportation {unknown}
 l - a scroll of identify {unknown}
 m - a scroll of vulnerability {unknown}
 n - a scroll of magic mapping {unknown}
 o - a scroll of torment {unknown}
 p - a scroll of amnesia {unknown}
 t - a scroll of blinking {unknown}
 A - 2 scrolls of enchant armour {unknown}
Potions
 d - a potion of might
 e - a potion of curing {unknown}
 j - a potion of resistance {unknown}
 u - 3 potions of heal wounds {unknown}
 v - 2 potions of brilliance
 w - a potion of lignification {unknown}
 B - a potion of attraction {unknown}


   Skills:
 + Level 4.8 Fighting
 + Level 3.8 Maces & Flails
 + Level 4.4 Armour
 - Level 3.0 Shields


You had 5 spell levels left.
You didn't know any spells.
Your spell library contained the following spells:

 Spells                   Type           Power      Damage    Failure   Level
 Sandblast                Erth           0%         2d4       85%         1
 Sublimation of Blood     Necr           0%         N/A       94%         2
 Wereblood                Tmut           0%         N/A       94%         2
 Conjure Flame            Conj/Fire      0%         6-21      99%         3
 Ignite Poison            Fire/Tmut/Pois 0%         N/A       99%         3
 Sticky Flame             Conj/Fire      0%         2d3       100%        4
 Summon Hydra             Summ           0%         N/A       100%        7


Dungeon Overview and Level Annotations

Branches:
Dungeon (4/15)
 Temple: D:4-7

Altars:

Shops:
D:1 !   D:4 *


Innate Abilities, Weirdness & Mutations

You have hoof-like feet.
You are partially covered in slimy green scales. (AC +2)
You regenerate a little health from kills.


Message History

The gnoll is moderately wounded.
The gnoll hits you with a +0 flail. The gnoll hits you but does no damage.
A goblin comes into view. It is wielding a +0 dagger.
The gnoll hits you but does no damage. x2
Unknown command.
You closely miss the gnoll.
The gnoll is heavily wounded.
The goblin shouts!
The gnoll closely misses you. The gnoll hits you but does no damage.
Unknown command.
You closely miss the gnoll.
The gnoll is heavily wounded.
The gnoll hits you from afar with a +0 spear!
The gnoll hits you with a +0 flail.
Unknown command.
You hit the gnoll.
You kill the gnoll!
The gnoll hits you with a +3 whip of electrocution.
You are electrocuted!
The gnoll closely misses you.
Unknown command.
You are too injured to fight recklessly!
Unknown command.
You are too injured to fight recklessly!
The gnoll misses you. The gnoll barely misses you.
The gnoll attacks as you move away! The gnoll barely misses you.
The gnoll attacks as you move away!
The gnoll hits you with a +3 whip of electrocution.
The gnoll attacks as you move away! The gnoll hits you with a +0 whip.
The gnoll attacks as you move away! The gnoll closely misses you.
You completely miss the gnoll. Your kick misses the gnoll.
You barely miss the gnoll. Your kick misses the gnoll.
The gnoll hits you from afar with a +0 spear.
The gnoll hits you but does no damage. x2
You barely miss the gnoll.
The gnoll hits you but does no damage. x3
You are electrocuted!
* * * LOW HITPOINT WARNING * * *
The gnoll hits you with a +0 whip.
* * * LOW HITPOINT WARNING * * *
The gnoll hits you from afar with a +0 spear.
You die...

................
...............
......)††.....#
......)>#.# ..>.......#
..........##
...$..#..g.##
$.....#.#.gg##
......#.#.#@.# .
.∩........#..## ..
..#...........### ...
................##....
......................
.......#.#....#........
#.......#.#....#...#....
........#.#.....#..#....
##......#.##...........


You could see 3 gnolls.

Vanquished Creatures
  A hound (D:4)
  2 orc priests (D:3)
  2 scorpion zombies (D:3)
  Natasha (thrice) (D:3)
  An iguana (D:4)
  A hound zombie (D:3)
  A gnoll (D:4)
  3 adders
  An ufetubus (D:4)
  An adder zombie (D:3)
  2 worms
  2 dart slugs
  7 orcs
  2 ball pythons
  4 bats
  9 endoplasms
  3 giant cockroaches
  4 goblins
  8 hobgoblins
  6 jackals
  9 kobolds
  4 quokkas
  2 frilled lizards
  A jackal skeleton (D:3)
  2 quokka skeletons (D:3)
  7 rats
88 creatures vanquished.

Notes
Turn   | Place    | Note
-------+----------+-------------------------------------------
     0 | D:1      | Artool the Demonspawn Fighter began the quest for the Orb.
     0 | D:1      | Reached XP level 1. HP: 18/18 MP: 1/1
   243 | D:1      | Gained mutation: You are partially covered in slimy green
                  | scales. (AC +2) [demonic ancestry]
   243 | D:1      | Reached XP level 2. HP: 24/24 MP: 2/2
   287 | D:1      | Found Naib Sess's Distillery.
   421 | D:1      | Found a faded altar of an unknown god.
   426 | D:1      | Got Plato's Textbook on Bedrock
   500 | D:1      | Reached XP level 3. HP: 28/29 MP: 3/3
  1149 | D:2      | Gained mutation: You have large cloven feet. [demonic
                  | ancestry]
  1149 | D:2      | Reached XP level 4. HP: 36/36 MP: 4/4
  1577 | D:3      | Gained mutation: You regenerate a little health from kills.
                  | [demonic ancestry]
  1577 | D:3      | Reached XP level 5. HP: 42/42 MP: 5/5
  1858 | D:3      | Noticed Natasha
  1869 | D:3      | Killed Natasha
  1870 | D:3      | Gained mutation: You have hoof-like feet. [demonic
                  | ancestry]
  1870 | D:3      | Reached XP level 6. HP: 44/49 MP: 6/6
  2136 | D:3      | Noticed Natasha
  2144 | D:3      | Killed Natasha
  2232 | D:3      | Noticed Natasha
  2241 | D:3      | Killed Natasha
  2726 | D:4      | Found Avakh's General Store.
  2763 | D:4      | Slain by a gnoll

Illustrated notes

Levels and vault maps discovered:
D:1:      dpeg_arrival_ratfight, layout_basic, serial_shops, shop_statue,
          shapermc_ecumenical_altar_rom_forum, st_stairs_11,
          hangedman_decor_riveting
D:2:      layout_rooms, nicolae_figureground_pulse
D:3:      layout_loops_ring, serial_undead, serial_undead_a, serial_undead_e,
          serial_undead_d, serial_undead_d, uniq_natasha
D:4:      layout_rooms, ashenzari_conservatory_becter, nemelex_altar_shiori,
          nicolae_overflow_crystal_walls, trog_wizard, serial_shops,
          nicolae_shop_temple_entry_statues_fountains, shop, nicolae_shop_trees,
          uniq_ijyb

Skill      XL: |  1  2  3  4  5 |
---------------+----------------+-----
Maces & Flails | 2 3 |  3.8
Armour         | 3 4 |  4.4
Shields        | 3 |  3.0
Fighting       | 4 |  4.8

Action                   |  1- 3 |  4- 6 || total
-------------------------+-------+-------++-------
Melee: Flail             |    33 |       ||    33
       Whip              |    77 |    34 ||   111
       Kick              |       |    39 ||    39
       Hand axe          |       |    12 ||    12
       Short sword       |       |   118 ||   118
Armor: Scale mail        |    58 |   100 ||   158
Dodge: Dodged            |    55 |   112 ||   167
Block: Buckler           |    17 |    47 ||    64
